 Dungeon Crawl Stone Soup version 0.31-a0-542-gdc2a67831c (webtiles) character file.

Game seed: 5945565515257909726

42 mobinator the Trooper (level 3, -1/33 HPs)
             Began as a Hill Orc Fighter on Aug 14, 2023.
             Frozen to death by an endoplasm (3 damage)
             ... on level 2 of the Dungeon.
             The game lasted 00:04:17 (953 turns).

mobinator the Trooper (Hill Orc Fighter)             Turns: 953, Time: 00:04:18

Health: -1/33      AC:  9    Str: 20    XL:     3   Next: 54%
Magic:  3/3        EV:  7    Int:  8    God:
Gold:   31         SH:  4    Dex: 10    Spells: 2/2 levels left

rFire   . . .        a - +0 flail
rCold   . . .        c - +0 buckler
rNeg    . . .        e - +0 chain mail
rPois   .            (no helmet)
rElec   .            (no cloak)
rCorr   .            (no gloves)
SInv    .            (no boots)
Will    .....        (no amulet) Stlth
                     (no ring)
HPRegen 0.25/turn    (no ring)
MPRegen 0.08/turn

%: no passive effects
@: mighty, slowed, very slow
A: no striking features
a: no special abilities


You were on level 2 of the Dungeon.
You visited 1 branch of the dungeon, and saw 2 of its levels.

You collected 31 gold pieces.

Inventory:

Hand Weapons
 a - a +0 flail (weapon)
 f - a +1 hand axe of freezing
Armour
 c - a +0 buckler (worn)
 e - a +0 chain mail (worn)
Scrolls
 b - a scroll of identify {unknown}
 h - a scroll of teleportation {unknown}
Potions
 g - a potion of enlightenment {unknown}
 i - a potion of curing {unknown}


   Skills:
 + Level 4.1 Fighting
 + Level 2.8 Maces & Flails
 + Level 3.7 Armour
 + Level 3.8 Shields


You had 2 spell levels left.
You didn't know any spells.
Your spell library contained the following spells:

 Spells                   Type           Power      Damage    Failure   Level
 Magic Dart               Conj           0%         1d3       99%         1
 Call Imp                 Summ           0%         N/A       99%         2
 Mephitic Cloud           Conj/Pois/Air  0%         N/A       100%        3


Dungeon Overview and Level Annotations

Branches:
Dungeon (2/15)

Altars:

Shops:
D:1 :

Annotations:
D:2 Natasha


Message History

The endoplasm quivers.
Natasha stares at you and mumbles some strange words.
The magic dart hits you but does no damage.
There are monsters nearby!
An endoplasm comes into view.
The endoplasm quivers.
The endoplasm hits you but does no damage.
Natasha claws you.
You completely miss Natasha. The endoplasm freezes you.
You are frozen.
Natasha wildly gestures.
You feel troubled. Natasha casts a spell at you.
You feel yourself slow down.
The endoplasm hits you but does no damage.
You closely miss Natasha. Natasha casts a spell at you.
The magic dart hits you!
The endoplasm hits you but does no damage.
Natasha claws you but does no damage. The endoplasm closely misses you.
You closely miss Natasha. Natasha closely misses you.
The endoplasm barely misses you. Natasha claws you! The endoplasm hits you.
The endoplasm freezes you.
You are frozen.
* * * LOW HITPOINT WARNING * * *
You barely miss Natasha. Natasha claws you but does no damage.
The endoplasm hits you but does no damage.
The endoplasm barely misses you. Natasha claws you but does no damage.
You feel very mighty all of a sudden. The endoplasm hits you.
* * * LOW HITPOINT WARNING * * *
The endoplasm freezes you.
You are frozen.
* * * LOW HITPOINT WARNING * * *
Natasha barely misses you.
The endoplasm hits you but does no damage.
The endoplasm freezes you.
You are frozen.
You die...

#...# ######### #... ..
........# #...## ...
........# #.#..######...
........###.##.....#....
............#...........
....###.####.........#
##..###.## #....JJ...#
#........###....@....#
#.........##.....h...#
...........#.........#
....................##
...........#..........
#......................
#..........#.........#..
.#........##.........#.#
.#........# ..


You could see Natasha and 2 endoplasms.

Vanquished Creatures
  5 ball pythons (D:1)
  2 bats (D:1)
  3 endoplasms (D:1)
  A giant cockroach (D:1)
  6 goblins (D:1)
  2 hobgoblins (D:1)
  5 jackals (D:1)
  9 kobolds
  A frilled lizard (D:1)
  2 rats
36 creatures vanquished.

Notes
Turn   | Place    | Note
-------+----------+-------------------------------------------
     0 | D:1      | mobinator the Hill Orc Fighter began the quest for the Orb.
     0 | D:1      | Reached XP level 1. HP: 19/19 MP: 1/1
    23 | D:1      | Reached XP level 2. HP: 27/27 MP: 2/2
   105 | D:1      | Found Veant's Book Emporium.
   409 | D:1      | Reached skill level 4 in Fighting
   409 | D:1      | Reached XP level 3. HP: 29/33 MP: 3/3
   945 | D:2      | Noticed Natasha
   953 | D:2      | Frozen to death by an endoplasm

Illustrated notes

Levels and vault maps discovered:
D:1:      mushboom_english_gardens, layout_loops_cross, serial_forest,
          infiniplex_forest_clump_cross, infiniplex_forest_clump_double,
          infiniplex_forest_straight_3, infiniplex_forest_lined_ring,
          infiniplex_forest_clump_small, infiniplex_forest_lined_room_3,
          infiniplex_forest_clump_medium, infiniplex_forest_clump_medium,
          serial_shops, shop
D:2:      layout_rooms, chequers_serial_rivers_room_a,
          minmay_misc_feat_secret_circle, uniq_natasha

Skill      XL: |  1  2 |
---------------+-------+-----
Fighting       | 4 |  4.1
Maces & Flails | |  2.8
Armour         | |  3.7
Shields        | |  3.8

Action                     || total
---------------------------++-------
  Melee: Flail             ||   153
    Use: Potion            ||     1
 Armour: Scale mail        ||    17
         Chain mail        ||    48
  Dodge: Dodged            ||    57
  Block: Buckler           ||    30

Table legend: (Time is in decaauts)
 A = Elapsed time spent in this place.
 B = Non-inter-level travel time spent in this place.
 C = Inter-level travel time spent in this place.
 D = Time resting spent in this place.
 E = Time spent auto-exploring this place.
 F = Levels seen in this place.
 G = Mean time per level.
                   A        B        C        D        E       F      G
               +--------+--------+--------+--------+--------+-----+--------+
         Total |   1003 |    975 |     28 |     32 |    557 |   2 |  501.5 |
       Dungeon |   1003 |    975 |     28 |     32 |    557 |   2 |  501.5 |
               +--------+--------+--------+--------+--------+-----+--------+

Top non-repeatable levels by time:
     D:1: 934 daAuts
     D:2: 68 daAuts
